 Dungeon Crawl Stone Soup version 0.18-a0-902-g8738618 (webtiles) character file.

811 Ekaitz the Firebug (level 7, -19/62 HPs)
             Began as a Naga Fire Elementalist on Aug 5, 2015.
             Was a Believer of Vehumet.
             Demolished by crazymagnet's ghost (22 damage)
             ... on level 5 of the Dungeon on Dec 24, 2015.
             The game lasted 00:22:09 (4574 turns).

Ekaitz the Firebug (Naga Fire Elementalist)         Turns: 4574, Time: 00:22:09

Health: -19/62     AC:  4    Str: 11    XL:     7   Next: 93%
Magic:  0/12       EV: 10    Int: 15    God:    Vehumet [**....]
Gold:   267        SH:  0    Dex: 13    Spells: 6 memorised, 2 levels left

rFire  + + .     SeeInvis +     B - -2 morningstar (curse)
rCold  x . .     Gourm    .     K - +2 leather armour {rF+}
rNeg   . . .     Faith    .     (no shield)
rPois  +         Spirit   .     (no helmet)
rElec  .         Dismiss  .     (no cloak)
rCorr  .         Reflect  .     r - +2 pair of gloves
SustAt .         Harm     .     (no barding)
MR     .....                    (no amulet)
Stlth  ++........               j - ring of fire
                                p - -4 ring of protection (curse)

@: very slightly contaminated, very slow, not resistant to hostile enchantments,
unstealthy
A: see invisible, deformed body, poison resistance, slowness 2, slow metabolism
1, spit poison 2, AC +2
a: Spit Poison, Renounce Religion


You were on level 5 of the Dungeon.
You worshipped Vehumet.
Vehumet was pleased with you.
You were not hungry.

You visited 2 branches of the dungeon, and saw 6 of its levels.

You collected 267 gold pieces.

Inventory:

Hand Weapons
 l - a +0 mace
 m - a cursed -3 great sword
 t - a +0 long sword
 y - a +0 flail
 B - a cursed -2 morningstar (weapon)
Missiles
 A - 4 javelins (quivered)
Armour
 d - a +1 robe of positive energy
 r - a +2 pair of gloves (worn)
 C - a +2 robe of cold resistance
 K - a +2 leather armour of fire resistance (worn)
Jewellery
 g - an uncursed ring of flight
 j - a ring of fire (right hand)
 p - a cursed -4 ring of protection (left hand)
Wands
 D - a wand of lightning (3/15)
Scrolls
 h - 7 scrolls of identify
 u - 2 scrolls of teleportation
 x - 2 scrolls of amnesia
 z - a scroll of blinking
 G - a scroll of recharging {unknown}
 I - a scroll of enchant armour {unknown}
Potions
 e - a potion of agility
 i - a potion of ambrosia {unknown}
 n - 3 potions of curing {unknown}
 o - 2 potions of might {unknown}
 q - a potion of heal wounds {unknown}
 s - 2 potions of poison {unknown}
 v - 2 potions of brilliance {unknown}
 w - a potion of cancellation {unknown}
 F - a potion of haste
 H - a potion of magic {unknown}
Books
 b - a book of Flames

   Spells                             Type                      Level
   a - Flame Tongue                   Conjuration/Fire             1
   b - Throw Flame                    Conjuration/Fire             2
   c - Conjure Flame                  Conjuration/Fire             3
   d - Inner Flame                    Hexes/Fire                   3
   e - Sticky Flame                   Conjuration/Fire             4
   f - Fireball                       Conjuration/Fire             5
Miscellaneous
 E - a plain deck of wonders
Comestibles
 a - a meat ration
 c - 6 bread rations
 f - 2 beef jerkies
 k - a royal jelly
 J - 2 chunks of flesh


   Skills:
 * Level 3.3 Fighting
 + Level 0.2 Maces & Flails
 + Level 2.5 Dodging
 + Level 3.7 Stealth
 + Level 3.5 Spellcasting
 + Level 2.8 Conjurations
 * Level 5.6 Fire Magic
 + Level 0.2 Air Magic
 + Level 1.0 Poison Magic
 * Level 2.5 Evocations


You had 2 spell levels left.
You knew the following spells:

 Your Spells              Type           Power        Failure   Level  Hunger
a - Flame Tongue          Conj/Fire      ###..        4%          1    None
b - Throw Flame           Conj/Fire      ###...       10%         2    ##.....
c - Conjure Flame         Conj/Fire      ###.....     14%         3    ###....
d - Inner Flame           Hex/Fire       ###.....     24%         3    ###....
e - Shock                 Conj/Air       #...         17%         1    None
f - Sting                 Conj/Pois      #...         14%         1    None


Dungeon Overview and Level Annotations

Branches:
Dungeon (5/15)             Temple (1/1) D:4

Altars:
Dithmenos
Fedhas
Gozag
Kikubaaqudgha
Makhleb
Nemelex Xobeh
Okawaru
Qazlal
Ru
Sif Muna
Trog
Vehumet
Xom
Zin
The Shining One

Annotations:
D:4 Eustachio
D:5 crazymagnet's ghost, novice HuBe


Innate Abilities, Weirdness & Mutations

You cannot wear boots.
Your serpentine skin is tough (AC +2).
You have supernaturally acute eyesight.
Armour fits poorly on your strangely shaped body.
Your system is resistant to poisons.
You cover ground very slowly.
You have a slow metabolism.
You can spit poison.


Message History

Aiming: Flame Tongue
Press: ? - help, Shift-Dir - straight line, f/p - crazymagnet's ghost
Aim: crazymagnet's ghost (flame, moderately damaged)
You feel a surge of power!
The flame tongue hits crazymagnet's ghost.
Crazymagnet's ghost appears unharmed.
Crazymagnet's ghost is moderately damaged.
Crazymagnet's ghost is engulfed in roaring flames.
Crazymagnet's ghost hits you!
Casting: Flame Tongue
Confirm with . or Enter, or press ? or * to list all spells.
You don't have enough magic to cast that spell.
Unknown command.
You hit crazymagnet's ghost but do no damage.
Crazymagnet's ghost is heavily damaged.
Crazymagnet's ghost hits you!!
* * * LOW HITPOINT WARNING * * *
Crazymagnet's ghost is engulfed in roaring flames.
Crazymagnet's ghost hits you!!
You die...

#.#..........#
#.####.##....# #..
#.#..#.##....###.####
#.#..#..............
#)#..#######.......
#.#..# #..W..#
#รท#..# ### #.....#
#.#..# #.###.....####
#.#.@###.............
#.#..W...........####
#.##......####)..# #.
#.##......# #...# #.
#.##......# #...# #.
#.##......# ###.# #.
#.##......#### #.# #.
#.##......'..# #.# #.
#.###.....##.###.# #.


You could see crazymagnet's ghost.

Vanquished Creatures
  2 ice beasts (D:5)
  An ogre (D:5)
  A crimson imp (D:5)
  3 orc wizards
  2 hounds
  A jelly (D:5)
  An orc priest (D:4)
  2 giant frog skeletons (D:4)
  An iguana (D:5)
  A worker ant (D:5)
  9 adders
  2 gnolls (D:4)
  3 oozes
  3 worms (D:3)
  2 adder skeletons (D:4)
  2 giant geckos (D:3)
  8 orcs
  7 bats
  5 giant cockroaches
  9 goblins
  8 hobgoblins
  4 jackals (D:3)
  2 quokkas
  A ball python (D:5)
  A giant gecko skeleton (D:4)
  4 giant newts
  8 kobolds
  6 rats
99 creatures vanquished.

Notes
Turn   | Place    | Note
--------------------------------------------------------------
     0 | D:1      | Ekaitz the Naga Fire Elementalist began the quest for the Orb.
     0 | D:1      | Reached XP level 1. HP: 15/15 MP: 3/3
   311 | D:1      | Reached XP level 2. HP: 22/24 MP: 1/5
   320 | D:1      | Learned a level 2 spell: Throw Flame
   907 | D:2      | Found a radiant altar of Vehumet.
   911 | D:2      | Upgraded the game from 0.17-a0-1636-g3119f2b to 0.18-a0-867-gfd1cc8f
   911 | D:2      | Became a worshipper of Vehumet
   912 | D:2      | Reached XP level 3. HP: 15/30 MP: 4/6
  1032 | D:2      | Found a shadowy altar of Dithmenos.
  1074 | D:2      | Reached skill level 1 in Fighting
  1369 | D:2      | Reached skill level 4 in Fire Magic
  1453 | D:2      | Reached XP level 4. HP: 38/38 MP: 3/7
  1522 | D:2      | Found an ancient bone altar of Kikubaaqudgha.
  1681 | D:2      | Learned a level 3 spell: Conjure Flame
  2312 | D:3      | Reached * piety under Vehumet
  2312 | D:3      | Offered knowledge of Shock by Vehumet.
  2353 | D:3      | Upgraded the game from 0.18-a0-867-gfd1cc8f to 0.18-a0-902-g8738618
  2572 | D:3      | Reached skill level 1 in Evocations
  2572 | D:3      | Reached XP level 5. HP: 45/45 MP: 2/8
  2949 | D:4      | Found a sacrificial altar of Ru.
  2957 | D:4      | Reached XP level 6. HP: 53/55 MP: 2/10
  2960 | D:4      | Learned a level 1 spell: Shock
  3017 | D:4      | Found a deep blue altar of Sif Muna.
  3328 | D:4      | Found a staircase to the Ecumenical Temple.
  3349 | Temple   | Entered the Ecumenical Temple
  3588 | D:4      | Found an opulent altar of Gozag.
  3786 | D:4      | Learned a level 3 spell: Inner Flame
  3895 | D:5      | Entered Level 5 of the Dungeon
  3960 | D:5      | Reached ** piety under Vehumet
  3975 | D:5      | Found a bloodstained altar of Trog.
  4037 | D:5      | Noticed Eustachio
  4054 | D:5      | Offered knowledge of Sting by Vehumet.
  4054 | D:5      | Reached XP level 7. HP: 24/61 MP: 7/11
  4057 | D:5      | Learned a level 1 spell: Sting
  4128 | D:5      | Reached skill level 5 in Fire Magic
  4489 | D:5      | Reached skill level 1 in Poison Magic
  4523 | D:5      | Noticed crazymagnet's ghost (novice HuBe)
  4574 | D:5      | HP: 3/62 [crazymagnet's ghost (19)]
  4574 | D:5      | Demolished by crazymagnet's ghost

Vault maps used:
D:1:      lightli_arrival_flooded_house, minmay_misc_feat_enclosed,
          minmay_misc_feat_encased
D:2:      lemuel_crystal_altar, vehumet_crystals, grunt_decor_mini_mirrors,
          nicolae_dithmenos_shadow_blocks
D:4:      led_sif_book, lemuel_round_altar, lemuel_crystal_altar,
          minmay_temple_entry_glassed_door, amalloy_card_club
D:5:      first_bread, basic_altar, uniq_eustachio
Temple:   chambers_temple_10

Action                   |  1- 3 |  4- 6 |  7- 9 || total
-------------------------+-------+-------+-------++-------
Melee: Unarmed           |     4 |       |       ||     4
       Mace              |     6 |    36 |       ||    42
       Morningstar       |       |    11 |     1 ||    12
 Cast: Flame Tongue      |    27 |    65 |    28 ||   120
       Throw Flame       |    16 |    43 |     2 ||    61
       Shock             |       |     2 |    19 ||    21
       Conjure Flame     |       |     1 |     2 ||     3
       Sting             |       |       |     4 ||     4
       Inner Flame       |       |       |     1 ||     1
 Abil: Spit Poison       |     9 |    40 |     4 ||    53
  Use: Scroll            |     4 |     4 |       ||     8
 Stab: Sleeping          |     1 |     1 |       ||     2
  Eat: Chunk             |     3 |    13 |     3 ||    19
